 Dungeon Crawl Stone Soup version 0.29.1-4-g47bece8355 (webtiles) character file.

Game seed: 6672532427789661005

9514 Peloso the Carver (level 11, -2/97 HPs)
             Began as a Minotaur Fighter on Dec 3, 2022.
             Was a Priest of Okawaru.
             Slain by Sonja
             ... wielding a +0 short sword of distortion
              (13 damage)
             ... on level 10 of the Dungeon.
             The game lasted 00:26:13 (13717 turns).

Peloso the Carver (Minotaur Fighter)               Turns: 13717, Time: 00:26:14

Health: -2/97      AC: 18    Str: 23    XL:     11   Next: 24%
Magic:  10/10      EV:  8    Int:  5    God:    Okawaru [***...]
Gold:   527        SH:  7    Dex: 18    Spells: 10/10 levels left

rFire   . . .      SeeInvis .   a - +0 long sword
rCold   . . .      Faith    .   c - +0 buckler
rNeg    + . .      Spirit   .   A - +1 plate armour
rPois   .          Reflect  .   (helmet restricted)
rElec   .          Harm     .   (no cloak)
rCorr   .          Rampage  .   t - +0 pair of gloves
Will    .....                   I - +0 pair of boots
Stlth   ..........              (no amulet)
HPRegen 0.26/turn               q - +6 ring of dexterity
MPRegen 0.12/turn               C - ring of positive energy

@: lethally poisoned (-2 -> -14), about to teleport, slowed, very slow
A: horns 2, retaliatory headbutt
a: Renounce Religion, Heroism


You were on level 10 of the Dungeon.
You worshipped Okawaru.
Okawaru was most pleased with you.
You visited 2 branches of the dungeon, and saw 11 of its levels.
You also visited: Sewer.

You collected 527 gold pieces.

Inventory:

Hand Weapons
 a - a +0 long sword (weapon)
 b - a +2 hand axe of flaming
Armour
 c - a +0 buckler (worn)
 s - the +3 scale mail of Kakeapt {Dex+2}
   (You found it on level 7 of the Dungeon)

   Dex:       It affects your dexterity (+2).
 t - a +0 pair of gloves (worn)
 v - a +0 chain mail
 A - a +1 plate armour (worn)
 F - +0 acid dragon scales
 I - a +0 pair of boots (worn)
Jewellery
 q - a +6 ring of dexterity (left hand)
 C - a ring of positive energy (right hand)
Wands
 y - a wand of charming (8)
Scrolls
 f - 2 scrolls of enchant armour
 j - 3 scrolls of poison
 l - 4 scrolls of teleportation
 m - a scroll of blinking
 n - a scroll of amnesia
 o - a scroll of magic mapping
 p - a scroll of noise {unknown}
 r - a scroll of acquirement {unknown}
 x - a scroll of enchant weapon {unknown}
 z - a scroll of torment {unknown}
 G - a scroll of vulnerability {unknown}
Potions
 d - 2 potions of might
 e - a potion of flight
 g - 2 potions of cancellation
 h - 3 potions of ambrosia
 i - a potion of curing
 k - a potion of invisibility {unknown}
 u - 3 potions of haste
 w - a potion of mutation {unknown}
 B - 3 potions of brilliance {unknown}
 E - a potion of heal wounds {unknown}
 H - 2 potions of lignification {unknown}


   Skills:
 + Level 9.4 Fighting
 + Level 13.6 Long Blades
 + Level 10.6 Armour
 + Level 3.5 Dodging
 + Level 0.7 Stealth
 + Level 8.8 Shields
 + Level 1.2 Invocations
 + Level 1.3 Evocations


You had 10 spell levels left.
You didn't know any spells.
Your spell library contained the following spells:

 Spells                   Type           Power      Damage    Failure   Level
 Slow                     Hex            0%         N/A       100%        1
 Ensorcelled Hibernation  Hex/Ice        0%         N/A       100%        2
 Passwall                 Tmut/Erth      0%         N/A       100%        2
 Confusing Touch          Hex            0%         N/A       100%        3
 Dazzling Flash           Conj/Hex       0%         N/A       100%        3
 Ignite Poison            Fire/Tmut/Pois 0%         N/A       100%        3
 Portal Projectile        Hex/Tloc       0%         N/A       100%        3
 Swiftness                Air            0%         N/A       100%        3
 Vampiric Draining        Necr           0%         2d6       100%        3
 Iskenderun's Mystic Bla  Conj/Tloc      0%         2d3       100%        4
 Leda's Liquefaction      Hex/Erth       0%         N/A       100%        4
 Agony                    Necr           0%         N/A       100%        5
 Alistair's Intoxication  Tmut/Pois      0%         N/A       100%        5
 Fireball                 Conj/Fire      0%         3d3       100%        5
 Iskenderun's Battlesphe  Conj           0%         2d6       100%        5
 Silence                  Hex/Air        0%         N/A       100%        5
 Iron Shot                Conj/Erth      0%         9d1       100%        6
 Starburst                Conj/Fire      0%         6d3       100%        6
 Call Canine Familiar     Summ           Unusable   N/A       N/A         3
 Spellforged Servitor     Conj/Summ      Unusable   N/A       N/A         7

Dungeon Overview and Level Annotations

Branches:
Dungeon (10/15)            Temple (1/1) D:4            Lair (0/5) D:9
  Sewer (visited)
    Orc: D:9-12

Altars:
Ashenzari
Cheibriados
Dithmenos
Elyvilon
Fedhas
Gozag
Hepliaklqana
Kikubaaqudgha
Makhleb
Nemelex Xobeh
Okawaru
Qazlal
Ru
Sif Muna
Trog
Uskayaw
Vehumet
Wu Jian
Xom
Yredelemnul
Zin

Shops:
D:2 :   D:5 (

Annotations:
D:10 Sonja


Innate Abilities, Weirdness & Mutations

You have a pair of horns on your head.
You reflexively headbutt those who attack you in melee.


Message History

You are too confused!
You feel like a meek peon again.
You feel sick.
Sonja throws a curare-tipped dart.
The curare-tipped dart hits you.
You are more poisoned.
You have difficulty breathing.
You feel as though you will be slow longer.
Sonja casts a spell.
Sonja blinks!
You feel very sick.
Sonja casts a spell.
Sonja blinks!
You feel very sick.
Sonja mumbles some strange words.
Sonja blinks!
Sonja zaps a wand.
You easily resist.
The now-empty wand crumbles to dust.
You are too confused!
You feel sick.
Sonja mumbles some strange words.
Sonja blinks!
You feel less confused.
You feel sick.
Sonja throws a curare-tipped dart.
The curare-tipped dart hits you.
You are more poisoned.
You have difficulty breathing.
* * * LOW HITPOINT WARNING * * *
You feel as though you will be slow longer.
As you read the scroll of teleportation, it crumbles to dust.
You feel strangely unstable.
You feel very sick.
Sonja throws a curare-tipped dart.
The curare-tipped dart hits you.
You are more poisoned.
You have difficulty breathing.
* * * LOW HITPOINT WARNING * * *
You feel as though you will be slow longer.
You completely miss Sonja.
* * * LOW HITPOINT WARNING * * *
You feel very sick. Sonja hits you but does no damage.
Space warps horribly around you!
You die...

<...# ....... ....# .....
....# ... ....# ######'##
....######.. +...#...#
...........# #...#...#
....#......###+####...#...#
....#......#......#...#.###
...........#....@K......#
...........#............#
...........########.....#
...........#......#.....##
...........#......#......#
....#.............#......#
....#.............#......#
....#......###'######'#######
....#......#.................


You could see Sonja.

Vanquished Creatures
  2 two-headed ogres
  Maggie (D:6)
  A queen bee (D:8)
  A wraith (D:9)
  6 yaks (D:9)
  A vampire (D:9)
  7 wyverns
  3 steam dragons (D:8)
  Grum (D:9)
  Menkaure (D:4)
  An acid dragon (D:7)
  3 water moccasins
  2 orc warriors
  An ice beast (D:7)
  A sky beast (D:6)
  2 black bears (D:8)
  An ogre (D:6)
  A centaur (D:7)
  2 wolves (D:9)
  A kobold brigand (D:8)
  A phantom (D:5)
  6 bullfrogs
  2 gnoll sergeants
  5 scorpions
  A necrophage (D:8)
  2 wights (D:7)
  25 killer bees
  6 howler monkeys (D:8)
  2 vampire bats (D:3)
  3 jellies
  7 orc priests
  4 hounds
  4 iguanas
  12 orc wizards
  Robin (D:3)
  11 gnolls
  10 adders
  A river rat (D:5)
  A shadow imp (D:7)
  A white imp (D:6)
  An ufetubus (D:5)
  4 worms
  3 dart slugs
  43 orcs
  10 ball pythons
  20 endoplasms
  6 giant cockroaches
  9 goblins
  15 hobgoblins
  6 jackals
  8 quokkas
  9 bats
  9 frilled lizards
  12 kobolds
  2 rats
301 creatures vanquished.

Vanquished Creatures (others)
  4 fungi (D:9)
  52 plants
56 creatures vanquished.

Grand Total: 357 creatures vanquished

Notes
Turn   | Place    | Note
-------+----------+-------------------------------------------
     0 | D:1      | Peloso the Minotaur Fighter began the quest for the Orb.
     0 | D:1      | Reached XP level 1. HP: 19/19 MP: 0/0
   179 | D:1      | Reached XP level 2. HP: 26/27 MP: 1/1
   731 | D:1      | Found a faded altar of an unknown god.
   897 | D:2      | Reached XP level 3. HP: 33/33 MP: 2/2
   970 | D:2      | Found Yffittadgh's Book Shop.
  1166 | D:2      | Reached skill level 3 in Long Blades
  1797 | D:3      | Reached XP level 4. HP: 39/41 MP: 3/3
  1803 | D:3      | Reached skill level 4 in Long Blades
  1971 | D:3      | Reached XP level 5. HP: 47/47 MP: 4/4
  2316 | D:3      | Noticed Robin
  2346 | D:3      | Killed Robin
  3156 | D:4      | Reached skill level 5 in Armour
  3606 | D:3      | Reached skill level 1 in Dodging
  3606 | D:3      | Reached XP level 6. HP: 16/55 MP: 5/5
  4027 | D:4      | Reached skill level 5 in Long Blades
  4033 | D:4      | Reached skill level 5 in Fighting
  4371 | D:4      | Found a staircase to the Ecumenical Temple.
  4499 | Temple   | Entered the Ecumenical Temple
  4679 | D:4      | Noticed Menkaure
  4691 | D:4      | Killed Menkaure
  4692 | D:4      | Reached skill level 6 in Long Blades
  4692 | D:4      | Reached XP level 7. HP: 7/61 MP: 6/6
  5501 | D:4      | Found a hide-covered altar of Uskayaw.
  5701 | D:4      | Found a sacrificial altar of Ru.
  5744 | D:5      | Entered Level 5 of the Dungeon
  5808 | D:5      | Reached skill level 5 in Shields
  5809 | D:5      | Found a glowing drain.
  5891 | Sewer    | Entered a sewer
  6350 | Sewer    | Reached XP level 8. HP: 53/70 MP: 7/7
  6487 | D:5      | Reached skill level 7 in Long Blades
  6522 | D:5      | Found Xesasit's Weapon Emporium.
  6723 | D:5      | Reached skill level 8 in Long Blades
  7584 | D:6      | Noticed Maggie
  7595 | D:6      | Killed Maggie
  7596 | D:6      | Reached skill level 9 in Long Blades
  8179 | D:7      | Reached XP level 9. HP: 77/78 MP: 8/8
  8179 | D:7      | Identified the +3 scale mail of Kakeapt {Dex+2}
  8201 | D:7      | Reached skill level 10 in Long Blades
  8257 | D:7      | Got the Collected Works on the Toxic Coals
  9145 | D:7      | Reached skill level 11 in Long Blades
  9908 | D:8      | You fall into a shaft and drop 1 floor!
  9908 | D:9      | Found a shadowy altar of Dithmenos.
  9962 | D:9      | Noticed a queen bee
 10420 | D:8      | Reached XP level 10. HP: 43/88 MP: 9/9
 10960 | D:8      | Found a shimmering blue altar of Sif Muna.
 11034 | D:8      | Found a hazy altar of Hepliaklqana.
 11198 | D:8      | Found an iron altar of Okawaru.
 11202 | D:8      | Became a worshipper of Warmaster Okawaru
 11261 | D:8      | Reached skill level 12 in Long Blades
 11863 | D:9      | Noticed Grum
 12195 | D:9      | Killed Grum
 12197 | D:9      | Reached * piety under Okawaru
 12352 | D:9      | Reached skill level 10 in Armour
 12870 | D:9      | Reached skill level 13 in Long Blades
 12877 | D:9      | Reached ** piety under Okawaru
 12884 | D:9      | Reached skill level 1 in Invocations
 13017 | D:9      | Noticed a two-headed ogre
 13023 | D:9      | Killed a two-headed ogre
 13024 | D:9      | Reached XP level 11. HP: 69/97 MP: 7/10
 13193 | D:9      | Reached skill level 1 in Evocations
 13199 | D:9      | Found a staircase to the Lair.
 13251 | D:9      | Reached *** piety under Okawaru
 13577 | D:10     | Entered Level 10 of the Dungeon
 13624 | D:10     | Noticed a two-headed ogre
 13635 | D:10     | Killed a two-headed ogre
 13697 | D:10     | Noticed Sonja
 13717 | D:10     | Slain by Sonja

Illustrated notes

Levels and vault maps discovered:
D:1:      doesnt_arrival_eight_statues, layout_basic,
          hellmonk_ecumenical_altar_leap_of_faith
D:2:      layout_loops_cross, serial_shops, shop
D:3:      layout_basic, serial_bayou_pond_e, grunt_decor_resistance,
          st_stairs_4, roderic_batcave, uniq_robin
D:4:      layout_gridville, nicolae_overflow_hidden_temple,
          nicolae_uskayaw_murder_on_the_dancefloor, temple_pool_b,
          nicolae_grassy_gnolls, uniq_menkaure
D:5:      layout_rooms, cheibrodos_sewer_entry_sluice, serial_shops, shop,
          serial_bayou, serial_bayou_pond_d, serial_bayou_lagoon_a,
          serial_bayou_crossing, serial_bayou_pond_c, grunt_ministairs_6,
          grunt_decor_junction
D:6:      layout_basic, kennysheep_crisscross, uniq_maggie
D:7:      layout_loops_corners, hangedman_decor_peaks_small,
          minmay_misc_feat_roman, minmay_checkerbox
D:8:      layout_cave_pools, kennysheep_little_box,
          mainiacjoe_overflow_alcove_1, led_sif_book
D:9:      layout_cave_pools, amcnicky_altar_gilded, minmay_lair_entry_grove,
          minivault_7, uniq_grum
D:10:     layout_grid_maze, general_overflow_altar, serial_shops,
          shop_fountains, nicolae_shop_crystal, shop, shop,
          nicolae_shop_clearance, uniq_sonja, uniq_gastronok, uniq_josephine,
          uniq_amaemon
Temple:   nicolae_temple_no_exploring_needed

Skill      XL: |  1  2  3  4  5  6  7  8  9 10 11 |
---------------+----------------------------------+-----
Fighting       | 4 5 6 7 9 |  9.4
Armour         | 4 5 7 9 10 | 10.6
Shields        | 4 5 6 8 |  8.8
Long Blades    | 3 4 6 9 11 13 | 13.6
Dodging        | 1 2 3 |  3.5
Invocations    | 1 |  1.2
Evocations     | 1 |  1.3
Stealth        | |  0.7

Action                   |  1- 3 |  4- 6 |  7- 9 | 10-12 || total
-------------------------+-------+-------+-------+-------++-------
Melee: Long sword        |    71 |   147 |   405 |   251 ||   874
       Headbutt          |     7 |    26 |    88 |    61 ||   182
Invok: Heroism           |       |       |       |     7 ||     7
Evoke: Wand              |       |       |     3 |     6 ||     9
  Use: Scroll            |     2 |     1 |     7 |     5 ||    15
       Potion            |       |       |     3 |       ||     3
Armor: Scale mail        |    42 |    54 |       |       ||    96
       Chain mail        |       |    13 |    73 |       ||    86
       Plate armour      |       |       |   187 |   172 ||   359
Dodge: Dodged            |    35 |    82 |   175 |   147 ||   439
Block: Buckler           |    20 |    60 |   118 |    96 ||   294
